PAAA
BAKERSFIELD NOBLES @ ROYSE CITY TARGARYENS
09/04/2023
 
TOP OF THE 1ST
Bakersfield Nobles batting - Pitching for Royse City Targaryens : RHP Rodger de Meza
Pitching: RHP Rodger de Meza
Batting: RHB Mario Blanco 0-0: Ball
1-0: SINGLE (Line Drive, 4MD)
Batting: LHB Luis Velázquez 0-0: Ball
1-0: Foul Ball, location: 2F
1-1: Ball
2-1: Foul Ball, location: 2F
2-2: Ball
3-2: Strikes out swinging
Mario Blanco is caught stealing 2nd base
Batter strikes out.
Batting: LHB Emery Miller 0-0: Ball
1-0: Called Strike
1-1: Foul Ball, location: 2F
1-2: Ball
2-2: Ball
3-2: Base on Balls
Batting: LHB Jorge Pérez 0-0: Called Strike
0-1: Ball
1-1: SINGLE (Groundball, 34)
Emery Miller to second
Runner from 2nd tries for 3rd, SAFE, no throw or cutoff
Batting: RHB Arnie Latham 0-0: Called Strike
0-1: SINGLE (Groundball, 56D)
Emery Miller scores
Jorge Pérez to second
Batting: LHB Markus Richardson 0-0: Foul Ball, location: 2F
0-1: Ball
1-1: Ball
2-1: Ball
3-1: Base on Balls
Jorge Pérez to third
Arnie Latham to second
Batting: SHB Ray Davis 0-0: Called Strike
0-1: Foul Ball, location: 2F
0-2: Foul Ball, location: 2F
0-2: Ball
1-2: Ball
2-2: Foul Ball, location: 2F
2-2: Foul Ball, location: 2F
2-2: Fly out, F7 (Line Drive, 7S)
Top of the 1st over - 1 run(s), 3 hit(s), 0 error(s), 3 left on base; Bakersfield 1 - Royse City 0
BOTTOM OF THE 1ST
Royse City Targaryens batting - Pitching for Bakersfield Nobles : RHP Fernando Reyna
Pitching: RHP Fernando Reyna
Batting: LHB Eduardo Álvarez 0-0: Called Strike
0-1: Foul Ball, location: 2F
0-2: Strikes out looking
Batting: LHB Carlos Álvarez 0-0: Ground out 4-3 (Groundball, 4M)
Batting: RHB Javier Chávez 0-0: Foul Ball, location: 2F
0-1: Ball
1-1: Foul Ball, location: 2F
1-2: Strikes out swinging
Bottom of the 1st over - 0 run(s), 0 hit(s), 0 error(s), 0 left on base; Bakersfield 1 - Royse City 0
TOP OF THE 2ND
Bakersfield Nobles batting - Pitching for Royse City Targaryens : RHP Rodger de Meza
Batting: RHB Luis Jiménez 0-0: Fly out, F3 (Popup, 13)
Batting: RHB Vincente Flores 0-0: Ball
1-0: Called Strike
1-1: Fly out, F7 (Flyball, 7LSF)
Batting: RHB Mario Blanco 0-0: Ball
1-0: Swinging Strike
1-1: Fly out, F4 (Popup, 4D)
Top of the 2nd over - 0 run(s), 0 hit(s), 0 error(s), 0 left on base; Bakersfield 1 - Royse City 0
BOTTOM OF THE 2ND
Royse City Targaryens batting - Pitching for Bakersfield Nobles : RHP Fernando Reyna
Batting: RHB Héctor Ruíz 0-0: Ball
1-0: Ball
2-0: Fly out, F3 (Popup, 3SF)
Batting: LHB José Tamayo 0-0: Ball
1-0: Ball
2-0: Swinging Strike
2-1: Foul Ball, location: 2F
2-2: Ball
3-2: Base on Balls
Batting: LHB Aurelio Aurillo 0-0: Called Strike
0-1: Ball
José Tamayo is caught stealing 2nd base
1-1: Fly out, F8 (Flyball, 8LXD)
Bottom of the 2nd over - 0 run(s), 0 hit(s), 0 error(s), 0 left on base; Bakersfield 1 - Royse City 0
TOP OF THE 3RD
Bakersfield Nobles batting - Pitching for Royse City Targaryens : RHP Rodger de Meza
Batting: LHB Luis Velázquez 0-0: Swinging Strike
0-1: Ball
1-1: Fly out, F8 (Flyball, 8LD)
Batting: LHB Emery Miller 0-0: Ball
1-0: Ball
2-0: SINGLE (Line Drive, 89M)
Batting: LHB Jorge Pérez 0-0: Swinging Strike
0-1: Grounds into double play, 4-6-3 (Groundball, 4M)
Top of the 3rd over - 0 run(s), 1 hit(s), 0 error(s), 0 left on base; Bakersfield 1 - Royse City 0
BOTTOM OF THE 3RD
Royse City Targaryens batting - Pitching for Bakersfield Nobles : RHP Fernando Reyna
Batting: LHB Jerry Wilson 0-0: Ball
1-0: Ball
2-0: SOLO HOME RUN (Line Drive, 9D), Distance : 335 ft
Batting: RHB Sancho Balderas 0-0: Ball
1-0: Ball
2-0: Called Strike
2-1: Ball
3-1: Ground out 5-3 (Groundball, 56)
Batting: LHB Jorge Garza 0-0: Ball
1-0: Ball
2-0: Fly out, F8 (Flyball, 8RM)
Batting: LHB Eduardo Álvarez 0-0: Ball
1-0: Swinging Strike
1-1: Foul Ball, location: 2F
1-2: Strikes out looking
Bottom of the 3rd over - 1 run(s), 1 hit(s), 0 error(s), 0 left on base; Bakersfield 1 - Royse City 1
TOP OF THE 4TH
Bakersfield Nobles batting - Pitching for Royse City Targaryens : RHP Rodger de Meza
Batting: RHB Arnie Latham 0-0: Fly out, F4 (Popup, 3F)
Batting: LHB Markus Richardson 0-0: SINGLE (Line Drive, 8RS)
Batting: SHB Ray Davis 0-0: SINGLE (Groundball, 56)
Markus Richardson to second
Batting: RHB Luis Jiménez 0-0: Ball
1-0: Ball
2-0: Ball
3-0: Called Strike
3-1: Foul Ball, location: 2F
3-2: Foul Ball, location: 2F
3-2: Fly out, F7 (Flyball, 7S)
Batting: RHB Vincente Flores 0-0: Called Strike
0-1: Ground out 1-3 (Groundball, 13)
Top of the 4th over - 0 run(s), 2 hit(s), 0 error(s), 2 left on base; Bakersfield 1 - Royse City 1
BOTTOM OF THE 4TH
Royse City Targaryens batting - Pitching for Bakersfield Nobles : RHP Fernando Reyna
Batting: LHB Carlos Álvarez 0-0: Ball
1-0: Ball
2-0: Ball
3-0: Base on Balls
Batting: RHB Javier Chávez 0-0: Foul Ball, location: 2F
0-1: Swinging Strike
0-2: Ball
Passed Ball!
Carlos Álvarez to second
1-2: Foul Ball, location: 2F
1-2: Fly out, F9 (Flyball, 89M)
Batting: RHB Héctor Ruíz 0-0: Called Strike
0-1: SINGLE (Line Drive, 7S)
Carlos Álvarez to third
Runner from 3rd tries for Home, SAFE, throw made home
Héctor Ruíz to second
Batting: LHB José Tamayo 0-0: Ball
1-0: Called Strike
1-1: Swinging Strike
1-2: SINGLE (Line Drive, 89S)
Héctor Ruíz to third
Runner from 3rd tries for Home, throw and OUT!
José Tamayo to second
Batting: LHB Aurelio Aurillo 0-0: Ball
1-0: Ball
2-0: DOUBLE (Flyball, 89XD)
José Tamayo scores
Batting: LHB Jerry Wilson 0-0: Foul Ball, location: 2F
0-1: Ball
1-1: Foul Ball, location: 2F
1-2: Strikes out swinging
Bottom of the 4th over - 2 run(s), 3 hit(s), 0 error(s), 1 left on base; Bakersfield 1 - Royse City 3
TOP OF THE 5TH
Bakersfield Nobles batting - Pitching for Royse City Targaryens : RHP Rodger de Meza
Batting: RHB Mario Blanco 0-0: Swinging Strike
0-1: Ball
1-1: Fly out, F7 (Line Drive, 7M)
Batting: LHB Luis Velázquez 0-0: Ball
1-0: SINGLE (Groundball, 13) (infield hit)
Batting: LHB Emery Miller 0-0: Ball
1-0: Ball
2-0: Called Strike
2-1: Ball
3-1: Base on Balls
Luis Velázquez to second
Batting: LHB Jorge Pérez 0-0: Foul Ball, location: 2F
0-1: Reaches on Catchers interference
Luis Velázquez to third
Emery Miller to second
Batting: RHB Arnie Latham 0-0: Ball
1-0: Ball
2-0: TRIPLE (Line Drive, 89M)
Luis Velázquez scores
Emery Miller scores
Jorge Pérez scores
Batting: LHB Markus Richardson 0-0: Called Strike
0-1: Fly out, F9 (Flyball, 9LM)
Runner from 3rd tags up, SCORES, no throw
Batting: SHB Ray Davis 0-0: Ball
1-0: Called Strike
1-1: Called Strike
1-2: Foul Ball, location: 2F
1-2: Foul Ball, location: 2F
1-2: Strikes out looking
Top of the 5th over - 4 run(s), 2 hit(s), 1 error(s), 0 left on base; Bakersfield 5 - Royse City 3
BOTTOM OF THE 5TH
Royse City Targaryens batting - Pitching for Bakersfield Nobles : RHP Fernando Reyna
Batting: RHB Sancho Balderas 0-0: Ball
1-0: Foul Ball, location: 2F
1-1: Ball
2-1: Ball
3-1: Base on Balls
Batting: LHB Jorge Garza 0-0: Grounds out, U3 (Groundball, 3L)
Batting: LHB Eduardo Álvarez 0-0: Called Strike
0-1: Ball
1-1: Ball
2-1: Foul Ball, location: 2F
2-2: Ball
3-2: Strikes out looking
Batting: LHB Carlos Álvarez 0-0: Ground out 6-3 (Groundball, 6M)
Bottom of the 5th over - 0 run(s), 0 hit(s), 0 error(s), 1 left on base; Bakersfield 5 - Royse City 3
TOP OF THE 6TH
Bakersfield Nobles batting - Pitching for Royse City Targaryens : RHP Rodger de Meza
Pitching: RHP Bo Tubbs
Batting: RHB Luis Jiménez 0-0: Foul Ball, location: 2F
0-1: Fly out, F3 (Popup, 3SF)
Batting: RHB Vincente Flores 0-0: Called Strike
0-1: Ground out 6-3 (Groundball, 6)
Batting: RHB Mario Blanco 0-0: Swinging Strike
0-1: Ball
1-1: Foul Ball, location: 2F
1-2: Ball
2-2: Ball
3-2: Strikes out looking
Top of the 6th over - 0 run(s), 0 hit(s), 0 error(s), 0 left on base; Bakersfield 5 - Royse City 3
BOTTOM OF THE 6TH
Royse City Targaryens batting - Pitching for Bakersfield Nobles : RHP Fernando Reyna
Batting: RHB Javier Chávez 0-0: Ball
1-0: Foul Ball, location: 2F
1-1: Ball
2-1: Ground out 5-3 (Groundball, 5)
Batting: RHB Héctor Ruíz 0-0: Called Strike
0-1: Swinging Strike
0-2: Foul Ball, location: 2F
0-2: Ball
1-2: Foul Ball, location: 2F
1-2: Foul Ball, location: 2F
1-2: Ball
2-2: Strikes out swinging
Batting: LHB José Tamayo 0-0: Foul Ball, location: 2F
0-1: Fly out, F3 (Popup, 34S)
Bottom of the 6th over - 0 run(s), 0 hit(s), 0 error(s), 0 left on base; Bakersfield 5 - Royse City 3
TOP OF THE 7TH
Bakersfield Nobles batting - Pitching for Royse City Targaryens : RHP Bo Tubbs
Batting: LHB Luis Velázquez 0-0: Called Strike
0-1: Ground out 6-3 (Groundball, 6M)
Batting: LHB Emery Miller 0-0: Foul Ball, location: 2F
0-1: Foul Ball, location: 2F
0-2: Ball
1-2: Strikes out swinging
Batting: LHB Jorge Pérez 0-0: Ball
1-0: Ball
2-0: Swinging Strike
2-1: Fly out, F7 (Flyball, 78D)
Top of the 7th over - 0 run(s), 0 hit(s), 0 error(s), 0 left on base; Bakersfield 5 - Royse City 3
BOTTOM OF THE 7TH
Royse City Targaryens batting - Pitching for Bakersfield Nobles : RHP Fernando Reyna
Batting: LHB Aurelio Aurillo 0-0: Ball
1-0: Ball
2-0: Ball
3-0: Base on Balls
Batting: LHB Jerry Wilson 0-0: Ball
1-0: Swinging Strike
1-1: Ball
2-1: Ball
3-1: Foul Ball, location: 2F
3-2: Base on Balls
Aurelio Aurillo to second
Batting: RHB Sancho Balderas 0-0: Ball
1-0: Ball
2-0: Called Strike
2-1: Ball
3-1: Sac Bunt - play at first, batter OUT! 2-4
Aurelio Aurillo to third
Jerry Wilson to second
Pitching: LHP Juan Méndez
Batting: LHB Jorge Garza 0-0: Ground out 4-3 (Groundball, 4)
Aurelio Aurillo scores
Jerry Wilson to third
Batting: LHB Eduardo Álvarez 0-0: Called Strike
0-1: Ball
1-1: Called Strike
1-2: Strikes out swinging
Bottom of the 7th over - 1 run(s), 0 hit(s), 0 error(s), 1 left on base; Bakersfield 5 - Royse City 4
TOP OF THE 8TH
Bakersfield Nobles batting - Pitching for Royse City Targaryens : RHP Bo Tubbs
Batting: RHB Arnie Latham 0-0: Foul Ball, location: 2F
0-1: Swinging Strike
0-2: Foul Ball, location: 2F
0-2: Ball
1-2: Ground out 5-3 (Groundball, 5)
Batting: LHB Markus Richardson 0-0: Called Strike
0-1: Swinging Strike
0-2: Ball
1-2: Strikes out swinging
Batting: SHB Ray Davis Single, Error in OF, E9, batter to second base
Pinch Hitting: RHB Abílio Conceio 0-0: Ball
1-0: Ball
2-0: Foul Ball, location: 2F
2-1: Ball
3-1: Called Strike
3-2: Strikes out looking
Top of the 8th over - 0 run(s), 1 hit(s), 1 error(s), 1 left on base; Bakersfield 5 - Royse City 4
BOTTOM OF THE 8TH
Royse City Targaryens batting - Pitching for Bakersfield Nobles : LHP Juan Méndez
Pitching: RHP Edgardo Marín
Now at SS: Ted Cook
Batting: LHB Carlos Álvarez 0-0: Ball
1-0: Ball
2-0: Called Strike
2-1: Called Strike
2-2: Foul Ball, location: 2F
2-2: Ball
3-2: Foul Ball, location: 2F
3-2: Foul Ball, location: 2F
3-2: Strikes out looking
Batting: RHB Javier Chávez 0-0: Called Strike
0-1: Fly out, F9 (Flyball, 9LM)
Batting: RHB Héctor Ruíz 0-0: Ball
1-0: Called Strike
1-1: Ball
2-1: Ball
3-1: Reached on error, E6 (Groundball, 6M)
Pinch Hitting: LHB Sébastien Rolland 0-0: Called Strike
0-1: Ball
1-1: Called Strike
1-2: Ball
2-2: Strikes out looking
Bottom of the 8th over - 0 run(s), 0 hit(s), 1 error(s), 1 left on base; Bakersfield 5 - Royse City 4
TOP OF THE 9TH
Bakersfield Nobles batting - Pitching for Royse City Targaryens : RHP Bo Tubbs
Pitching: RHP Mark Sinclair
Now at 2B: Chae-hyeong Kim
Batting: RHB Vincente Flores 0-0: Ball
1-0: Fly out, F9 (Flyball, 89M)
Batting: RHB Mario Blanco 0-0: Foul Ball, location: 2F
0-1: Ball
1-1: Ball
2-1: Ground out 5-3 (Groundball, 56)
Batting: LHB Luis Velázquez 0-0: Ground out 6-3 (Groundball, 6)
Top of the 9th over - 0 run(s), 0 hit(s), 0 error(s), 0 left on base; Bakersfield 5 - Royse City 4
BOTTOM OF THE 9TH
Royse City Targaryens batting - Pitching for Bakersfield Nobles : RHP Edgardo Marín
Pitching: RHP Devin Hinton
Batting: LHB Aurelio Aurillo 0-0: Called Strike
0-1: Ball
1-1: Ball
2-1: Called Strike
2-2: Foul Ball, location: 2F
2-2: SINGLE (Groundball, 4)
Batting: LHB Jerry Wilson 0-0: Ball
1-0: 2-RUN HOME RUN (Flyball, 89XD), Distance : 381 ft
This league is powered by Out of the Park Baseball, the baseball management simulation game for PC, Mac and Linux
Friday, July 8th, 2016 - OOTP Baseball 16.9 Build 39